 Dungeon Crawl Stone Soup version 0.23.0-3-gf3c87f2df8 (webtiles) character file.

Game seed: 8918473923004758350

125637 EnegeticOcto the Warrior (level 16, 165/165 HPs)
             Began as a Minotaur Fighter on Feb 22, 2019.
             Was an Initiate of Gozag.
             Quit the game on level 4 of the Swamp on Feb 23, 2019.
             The game lasted 00:51:24 (31610 turns).

EnegeticOcto the Warrior (Minotaur Fighter)        Turns: 31610, Time: 00:51:25

Health: 165/165    AC: 35    Str: 22    XL:     16   Next: 12%
Magic:  21/21      EV: 12    Int:  5    God:    Gozag
Gold:   392        SH: 29    Dex: 21    Spells: 15/15 levels left

rFire    x . .     SeeInvis .   l - +1 flail (protect)
rCold    + . .     Gourm    .   A - +8 large shield of Sif Muna's Fury {Dex+3}
rNeg     . . .     Faith    .   H - +9 plate armour of the Cooper {+Fly Stlth+}
rPois    .         Spirit   .   r - +1 hat
rElec    .         Reflect  .   k - +2 cloak {+Inv}
rCorr    .         Harm     .   s - +1 pair of gloves
MR       +....                  w - +1 pair of boots "Neucoaw" {Dex+2 Stlth+}
Stlth    ..........             (no amulet)
HPRegen  0.37/turn              j - ring of ice
MPRegen  0.17/turn              G - +2 ring of protection

@: no status effects
A: retaliatory headbutt, horns 2
}: 1/15 runes: decaying
a: Potion Petition, Call Merchant, Bribe Branch, Renounce Religion, Evoke
Invisibility, Evoke Flight


You were on level 4 of the Swamp.
You worshipped Gozag.
Gozag was aware of your devotion.
You were not hungry.

You visited 4 branches of the dungeon, and saw 26 of its levels.
You also visited: Gauntlet and Ice Cave.

You collected 8211 gold pieces.
You spent 1892 gold pieces at shops.
You paid 5927 gold pieces to Gozag.

Inventory:

Hand Weapons
 l - a +1 flail of protection (weapon)
 p - a +2 flail of holy wrath
Missiles
 g - 6 throwing nets (quivered) {!f}
Armour
 k - a +2 cloak of invisibility (worn)
 r - a +1 hat (worn)
 s - a +1 pair of gloves (worn)
 w - the +1 pair of boots "Neucoaw" (worn) {Dex+2 Stlth+}
   (You found it in a Gauntlet)

   It affects your dexterity (+2).
   It makes you more stealthy.
 A - the +8 large shield of Sif Muna's Fury (worn) {Dex+3}
   (You found it in a Gauntlet)

   It affects your dexterity (+3).
 H - the +9 plate armour of the Cooper (worn) {+Fly Stlth+}
   (You bought it in a shop on level 4 of the Swamp)

   It lets you fly.
   It makes you more stealthy.
Jewellery
 b - an uncursed ring of positive energy
 j - a ring of ice (left hand)
 B - a +3 ring of strength {unknown}
 D - an uncursed ring of poison resistance {unknown}
 F - an uncursed amulet of harm {unknown}
 G - a +2 ring of protection (right hand)
Wands
 a - a wand of flame (56)
 d - a wand of acid (27)
 e - a wand of iceblast (16)
 n - a wand of disintegration (29)
 o - a wand of paralysis (6)
 q - a wand of enslavement (17)
 u - a wand of clouds (2)
 x - a wand of polymorph (11)
 C - a wand of digging (6)
 E - a wand of scattershot (7)
Miscellaneous
 h - a lamp of fire
 i - a box of beasts
 t - a lightning rod (4/4)
 v - 2 sacks of spiders
Comestibles
 f - 6 rations


   Skills:
 + Level 20.4 Fighting
 - Level 14.0 Maces & Flails
 - Level 10.5 Armour
 - Level 10.5 Dodging
 - Level 15.0 Shields
 - Level 8.0 Evocations


You had 15 spell levels left.
You didn't know any spells.
Your spell library contained the following spells:

 Spells                   Type           Power        Failure   Level  Hunger
 Animate Skeleton         Necr           N/A          100%        1    ##.....
 Apportation              Tloc           #.....       100%        1    ##.....
 Corona                   Hex            #......      100%        1    ##.....
 Infusion                 Chrm           #...         100%        1    ##.....
 Pain                     Necr           #...         100%        1    ##.....
 Sting                    Conj/Pois      #...         100%        1    ##.....
 Blink                    Tloc           N/A          100%        2    ###....
 Passwall                 Tmut/Erth      #.......     100%        2    ###....
 Poisonous Vapours        Pois/Air       #.....       100%        2    ###....
 Shroud of Golubria       Chrm/Tloc      #.........   100%        2    ###....
 Slow                     Hex            #.......     100%        2    ###....
 Song of Slaying          Chrm           #.......     100%        2    ###....
 Swiftness                Chrm/Air       #.......     100%        2    ###....
 Gell's Gravitas          Tloc           #.........   100%        3    ####...
 Inner Flame              Hex/Fire       #.......     100%        3    ####...
 Lesser Beckoning         Tloc           #.........   100%        3    ####...
 Mephitic Cloud           Conj/Pois/Air  #.......     100%        3    ####...
 Portal Projectile        Hex/Tloc       #.....       100%        3    ####...
 Regeneration             Chrm/Necr      #.........   100%        3    ####...
 Spectral Weapon          Hex/Chrm       #.......     100%        3    ####...
 Teleport Other           Tloc           #.......     100%        3    ####...
 Vampiric Draining        Necr           #.........   100%        3    ####...
 Animate Dead             Necr           N/A          100%        4    #####..
 Cause Fear               Hex            #.........   100%        4    #####..
 Leda's Liquefaction      Hex/Erth       #.........   100%        4    #####..
 Olgreb's Toxic Radiance  Pois           #.......     100%        4    #####..
 Passage of Golubria      Tloc           N/A          100%        4    #####..
 Excruciating Wounds      Chrm/Necr      #.........   100%        5    ######.
 Iskenderun's Battlesphe  Conj/Chrm      #.......     100%        5    ######.
 Lee's Rapid Deconstruct  Erth           #.........   100%        5    ######.
 Venom Bolt               Conj/Pois      #.........   100%        5    ######.
 Darkness                 Hex            #.........   100%        6    #######
 Deflect Missiles         Chrm/Air       #.........   100%        6    #######
 Invisibility             Hex            #.......     100%        6    #######
 Ring of Flames           Chrm/Fire      #.........   100%        7    #######


Dungeon Overview and Level Annotations

Branches:
Dungeon (15/15)            Temple (1/1) D:7            Lair (6/6) D:10
  Swamp (4/4) Lair:4        Snake (0/4) Lair:2        Slime (0/5) Lair:6
    Orc (0/2) D:9          Vaults (0/5) D:13
 Depths: D:15

Altars:
Cheibriados
Dithmenos
Gozag
Kikubaaqudgha
Nemelex Xobeh
Ru
Sif Muna
Vehumet
Wu Jian
Xom
Yredelemnul
Zin
Jiyva

Shops:
D:4 [   D:7 }   D:8 }   D:10 :   D:13 *   Swamp:3 =*(   Swamp:4 [

Portals:
Trove: D:11 (give 18 scrolls of identify)

Annotations:
D:9 2 runed translucent doors, OdinFK's ghost, novice HOFi
D:13 3 runed translucent doors, mys's ghost, journeyman GrEE
D:15 exclusion: door, Roxanne
Lair:3 exclusion: oklob plant
Lair:4 exclusion: oklob plant
Lair:6 exclusion: 2 doors


Innate Abilities, Weirdness & Mutations

You reflexively headbutt those who attack you in melee.
You have a pair of horns on your head.


Message History

You feel sick.
You feel very sick.
You feel sick. x26
You are no longer poisoned.
You start resting.
HP restored.
You enter the shallow water.
Moving in this stuff is going to be slow.
You now have 392 gold pieces (gained 58).
You pick up the decaying rune and feel its power.
Press } to see all the runes you have collected.
You are a level 16 Minotaur Fighter.
You are 12% of the way to level 17.
Play time: 00:51:11 (31610 turns) Char dumped successfully.
Unknown command.
Saving game... please wait.
Welcome back, EnegeticOcto the Minotaur Fighter.
Gozag says: Greed is good.
Press ? for a list of commands and other information.
Are you sure you want to abandon this character and quit the game? (Confirm with "yes".)

#.### #§.≈.≈..≈≈≈#
##.####≈#≈≈≈##≈#.≈
##§##.≈.≈.≈#≈#≈≈#
#.##≈≈.≈≈.#≈≈##≈§
#.##≈≈..≈.≈≈§§(##
###.≈##≈≈#≈....≈..≈
#≈#..≈###≈#≈.≈##.≈≈
#...≈## ###≈.≈≈.≈≈≈
##@### #####≈###
### ###


There were no monsters in sight!

Vanquished Creatures
  the Lernaean hydra (Swamp:4)
  Gastronok (Lair:2)
  A dire elephant (Lair:6)
  A minotaur (Gauntlet)
  An ogre mage (D:15)
  3 vault guards (D:13)
  A catoblepas (Lair:4)
  13 hydras
  A centaur warrior (D:13)
  An anaconda (Lair:6)
  9 two-headed ogres
  6 alligators
  A death yak (Lair:4)
  4 sixfirhies (Gauntlet)
  2 unseen horrors
  4 skeletal warriors (D:15)
  10 swamp dragons
  A wizard (D:13)
  4 necromancers
  Pikel (D:4)
  3 orc knights
  6 ugly things
  2 deep elf magi
  A manticore (D:13)
  6 cyclopes
  18 elephants
  4 ice statues
  A centaur zombie (D:13)
  Joseph (D:10)
  4 black mambas
  A torpor snail (Lair:4)
  A gargoyle (D:14)
  A spiny frog (shapeshifter) (D:14)
  7 centaur skeletons
  Psyche (D:11)
  A kobold demonologist (D:15)
  4 rime drakes
  9 komodo dragons
  An efreet (D:14)
  10 spiny frogs
  5 tyrant leeches
  6 blink frogs
  3 hornets
  4 polar bears
  20 slime creatures
  4 trolls
  12 dream sheep
  2 meliai zombies
  3 bog bodies
  8 hippogriffs
  A shadow (D:11)
  Eustachio (D:5)
  2 wyverns
  A tarantella (shapeshifter) (D:15)
  48 yaks
  A wraith (D:9)
  3 basilisks
  18 humans (D:13)
  8 vampire mosquitoes
  5 hungry ghosts
  2 wargs
  2 acid dragons
  3 nagas (Lair:2)
  2 soldier ants (D:12)
  17 water moccasins
  7 swamp worms
  10 porcupines
  11 swamp drakes
  9 sky beasts
  13 orc warriors
  2 black bears
  A hornet zombie (D:15)
  14 ogres
  4 phantoms
  12 ice beasts
  A slave (D:4)
  22 wolves
  4 centaurs
  14 crocodiles
  2 big kobolds
  15 bullfrogs
  2 gnoll sergeants
  5 scorpions
  A troll zombie (D:9)
  19 killer bees
  3 howler monkeys
  10 wights
  6 crimson imps
  2 bullfrog zombies
  A quasit (D:8)
  9 hounds
  15 orc wizards
  7 orc priests
  2 bullfrog skeletons
  9 jellies
  5 iguanas
  9 worker ants
  5 ogre zombies (D:9)
  A hound zombie (D:8)
  A howler monkey zombie (D:7)
  A worker ant zombie (D:8)
  10 gnolls
  A howler monkey skeleton (D:10)
  13 adders
  4 shadow imps
  An adder skeleton (D:7)
  3 worms
  2 dart slugs (D:3)
  4 leopard geckos
  66 orcs
  3 ball pythons
  3 bats
  5 giant cockroaches
  3 goblins
  6 hobgoblins
  12 jackals
  9 kobolds
  3 quokkas
  5 frilled lizards
  A goblin zombie (D:9)
  2 hobgoblin zombies (D:9)
  A leopard gecko zombie (D:5)
  3 orc skeletons (D:9)
  13 orc zombies (D:9)
  A quokka skeleton (D:7)
  4 rats
  5 plants (Lair:6)
766 creatures vanquished.

Vanquished Creatures (others)
  A yak (D:13)
  A howler monkey (D:10)
  An orc wizard (D:4)
  8 fungi
  7 plants (Lair:6)
18 creatures vanquished.

Grand Total: 784 creatures vanquished

Notes
Turn   | Place    | Note
-------+----------+-------------------------------------------
     0 | D:1      | EnegeticOcto the Minotaur Fighter began the quest for the
                  | Orb.
     0 | D:1      | Reached XP level 1. HP: 19/19 MP: 0/0
   240 | D:1      | Reached XP level 2. HP: 27/27 MP: 1/1
   638 | D:2      | Reached skill level 4 in Fighting
   793 | D:2      | Reached XP level 3. HP: 28/33 MP: 2/2
  1918 | D:3      | Reached XP level 4. HP: 38/41 MP: 3/3
  2566 | D:4      | Found Ycuapayx's Armour Shoppe.
  2640 | D:4      | Reached XP level 5. HP: 44/47 MP: 4/4
  2731 | D:4      | Reached skill level 5 in Shields
  2764 | D:4      | Reached skill level 5 in Fighting
  2764 | D:4      | Reached skill level 5 in Armour
  3069 | D:4      | Reached XP level 6. HP: 50/56 MP: 5/5
  3365 | D:4      | Noticed a slave
  3376 | D:4      | Killed a slave
  3378 | D:4      | Noticed a slave
  3380 | D:4      | Noticed Pikel
  3380 | D:4      | Noticed a slave
  3401 | D:4      | Noticed a slave
  3411 | D:4      | Killed Pikel
  3411 | D:4      | Reached skill level 6 in Fighting
  3411 | D:4      | Reached skill level 5 in Maces & Flails
  3411 | D:4      | Reached XP level 7. HP: 47/64 MP: 6/6
  4044 | D:5      | Entered Level 5 of the Dungeon
  4134 | D:5      | Reached XP level 8. HP: 58/71 MP: 7/7
  4409 | D:5      | Noticed Eustachio
  4449 | D:5      | Killed Eustachio
  4449 | D:5      | Reached skill level 7 in Fighting
  4464 | D:5      | Found a glowing drain.
  5751 | D:5      | Reached XP level 9. HP: 59/81 MP: 8/8
  5975 | D:6      | Reached skill level 8 in Fighting
  6232 | D:6      | Found a sacrificial altar of Ru.
  6349 | D:7      | Found Biroum's Gadget Boutique.
  6441 | D:7      | Killed an unseen horror
  6441 | D:7      | Reached skill level 9 in Fighting
  6739 | D:7      | Noticed a two-headed ogre
  6761 | D:7      | Killed a two-headed ogre
  6761 | D:7      | Reached XP level 10. HP: 75/91 MP: 9/9
  6873 | D:7      | Noticed an orc knight
  7211 | D:6      | Killed an orc knight
  7211 | D:6      | Reached skill level 10 in Armour
  7211 | D:6      | Reached skill level 10 in Shields
  7216 | D:6      | Reached skill level 10 in Fighting
  7513 | D:7      | Found a staircase to the Ecumenical Temple.
  7520 | Temple   | Entered the Ecumenical Temple
  7563 | Temple   | Became a worshipper of Gozag Ym Sagoz the Greedy
  7838 | D:7      | Found a radiant altar of Vehumet.
  7841 | D:7      | Found a snail-covered altar of Cheibriados.
  8550 | D:8      | Reached skill level 10 in Maces & Flails
  8952 | D:8      | Found Icis's Gadget Shoppe.
  9577 | D:4      | Bought a +2 cloak of invisibility for 279 gold pieces
  9577 | D:4      | Bought a +3 plate armour of cold resistance for 585 gold
                  | pieces
  9875 | D:9      | Reached skill level 1 in Dodging
  9883 | D:9      | Reached skill level 1 in Evocations
  9956 | D:9      | Found a staircase to the Orcish Mines.
  9968 | D:9      | Reached XP level 11. HP: 98/101 MP: 10/10
 10498 | D:9      | Found a large runed translucent door.
 10498 | D:9      | Found a large runed translucent door.
 10502 | D:9      | Noticed OdinFK's ghost (novice HOFi)
 10691 | D:10     | Entered Level 10 of the Dungeon
 10691 | D:10     | Noticed Joseph
 10711 | D:10     | Killed Joseph
 10863 | D:10     | Reached skill level 11 in Fighting
 11036 | D:10     | Noticed a two-headed ogre
 11056 | D:10     | Killed a two-headed ogre
 11185 | D:10     | Killed an unseen horror
 11318 | D:10     | Found a staircase to the Lair.
 11808 | D:10     | Found Wathaig's Book Shoppe.
 12059 | Lair:1   | Entered Level 1 of the Lair of Beasts
 12449 | Lair:1   | Reached skill level 5 in Dodging
 12488 | Lair:1   | Reached XP level 12. HP: 91/111 MP: 14/14
 13337 | Lair:2   | Noticed Gastronok
 13355 | Lair:2   | Killed Gastronok
 13355 | Lair:2   | Reached skill level 12 in Fighting
 13480 | Lair:2   | Reached skill level 5 in Evocations
 14456 | Lair:2   | HP: 5/113 [poisoned by a spiny frog]
 14462 | Lair:2   | HP: 4/113 [poisoned by a spiny frog]
 14467 | Lair:2   | HP: 3/113 [poisoned by a spiny frog]
 14475 | Lair:2   | HP: 4/113 [poisoned by a spiny frog]
 14898 | Lair:2   | Found a staircase to the Snake Pit.
 15211 | Lair:3   | Noticed an eight-headed hydra
 15227 | Lair:3   | Killed an eight-headed hydra
 16019 | Lair:3   | Reached skill level 13 in Fighting
 16029 | Lair:3   | Reached XP level 13. HP: 102/122 MP: 15/15
 17811 | Lair:4   | Found a staircase to the Swamp.
 18661 | Lair:5   | Found a frozen archway.
 18667 | IceCv    | Entered an ice cave
 18684 | IceCv    | Reached skill level 14 in Fighting
 19861 | Lair:6   | Entered Level 6 of the Lair of Beasts
 20267 | Lair:6   | Reached XP level 14. HP: 111/132 MP: 16/16
 20465 | Lair:6   | Found a dark tunnel.
 20671 | Lair:6   | Found a viscous altar of Jiyva.
 20671 | Lair:6   | Found a staircase to the Slime Pits.
 21096 | Lair:6   | Reached skill level 10 in Dodging
 21640 | D:11     | Found a portal to a secret trove of treasure.
 21679 | D:11     | Found a gate leading to a gauntlet.
 21682 | D:11     | Noticed Psyche
 21691 | D:11     | Killed Psyche
 21698 | Gauntlet | Entered a Gauntlet
 21698 | Gauntlet | Found a transporter.
 21698 | Gauntlet | Found a transporter.
 21699 | Gauntlet | Found a transporter.
 21700 | Gauntlet | Found a transporter.
 21701 | Gauntlet | Found a transporter.
 21703 | Gauntlet | Found a transporter.
 21709 | Gauntlet | Found a transporter.
 21711 | Gauntlet | Found a transporter.
 21712 | Gauntlet | Found a transporter.
 21714 | Gauntlet | Found a transporter.
 21722 | Gauntlet | Found a transporter.
 21723 | Gauntlet | Found a transporter.
 22124 | Gauntlet | Got a pair of scorched boots
 22195 | Gauntlet | Identified the +1 pair of boots "Neucoaw" {Dex+2 Stlth+}
                  | (You found it in a Gauntlet)
 22306 | Gauntlet | Identified Suvuen's Guide on Self-Knowledge
 22314 | Gauntlet | Identified Sif Muna's Handbook of the Traveller
 22316 | Gauntlet | Got a slimy large shield
 22338 | Gauntlet | Identified the +8 large shield of Sif Muna's Fury {Dex+3}
                  | (You found it in a Gauntlet)
 22534 | D:11     | Found a deep blue altar of Sif Muna.
 22816 | D:12     | Reached skill level 15 in Shields
 22855 | D:12     | Got a heavily runed cloak
 22951 | D:12     | Reached skill level 15 in Fighting
 24029 | D:13     | Found a gate to the Vaults.
 24224 | D:13     | Reached skill level 16 in Fighting
 24538 | D:13     | Found a runed translucent gate.
 24539 | D:13     | Found a runed translucent gate.
 24540 | D:13     | Found a runed translucent gate.
 24542 | D:13     | Noticed mys's ghost (journeyman GrEE)
 24756 | D:13     | Found Nirroen's Elemental Accessories.
 25275 | D:14     | Reached XP level 15. HP: 144/144 MP: 19/19
 25995 | D:15     | Entered Level 15 of the Dungeon
 26039 | D:15     | Reached skill level 17 in Fighting
 26907 | D:15     | Found a shadowy altar of Dithmenos.
 27030 | D:15     | Reached skill level 18 in Fighting
 27050 | D:15     | Identified Roxanne's Guide on Transmigration
 27050 | D:15     | Noticed Roxanne
 27770 | Swamp:1  | Entered Level 1 of the Swamp
 28788 | Swamp:4  | Entered Level 4 of the Swamp
 28795 | Swamp:3  | Bought a +2 ring of protection for 160 gold pieces
 29015 | Swamp:4  | Reached skill level 19 in Fighting
 29164 | Swamp:4  | Bought a scorched plate armour for 868 gold pieces
 29174 | Swamp:4  | Identified the +9 plate armour of the Cooper {+Fly Stlth+}
                  | (You bought it in a shop on level 4 of the Swamp)
 30448 | Swamp:4  | Noticed the 27-headed Lernaean hydra
 30451 | Swamp:4  | Killed the 27-headed Lernaean hydra
 30455 | Swamp:4  | Reached skill level 20 in Fighting
 30459 | Swamp:4  | Reached XP level 16. HP: 124/162 MP: 21/21
 31609 | Swamp:4  | Got a decaying rune of Zot
 31610 | Swamp:4  | Quit the game

Skill      XL: |  1  2  3  4  5  6  7  8  9 10 11 12 13 14 15 |
---------------+----------------------------------------------+-----
Fighting       | 4 5 6 7 9 10 11 13 14 16 20 | 20.4
Armour         | 4 5 6 8 9 10 | 10.5
Shields        | 4 5 6 7 9 10 11 13 14 15 | 15.0
Maces & Flails | 3 4 5 6 7 9 10 11 12 14 | 14.0
Dodging        | 1 5 7 9 10 | 10.5
Evocations     | 1 4 5 7 8 |  8.0

Action                   |  1- 3 |  4- 6 |  7- 9 | 10-12 | 13-15 | 16-18 || total
-------------------------+-------+-------+-------+-------+-------+-------++-------
Melee: Flail             |    74 |   134 |   285 |  1165 |  2081 |    40 ||  3779
       Headbutt          |    13 |    17 |    52 |   266 |   688 |    18 ||  1054
Invok: Potion Petition   |       |       |       |       |     2 |     3 ||     5
       Call Merchant     |       |       |       |       |     4 |       ||     4
 Abil: Evoke Invisibilit |       |       |       |     3 |     7 |       ||    10
       Evoke Flight      |       |       |       |       |     2 |     1 ||     3
Evoke: Wand              |       |       |     2 |       |    17 |     9 ||    28
       Phantom mirror    |       |       |       |     1 |       |       ||     1
       Lightning rod     |       |       |       |       |    12 |       ||    12
 Stab: Distracted        |       |       |       |     4 |     8 |     2 ||    14
       Invisible         |       |       |       |     7 |    34 |       ||    41
       Petrified         |       |       |       |       |     3 |       ||     3
       Paralysed         |       |       |       |       |    18 |       ||    18
  Eat: Chunk             |     3 |     5 |    10 |     3 |       |       ||    21
       Ration            |       |       |       |    14 |    16 |       ||    30
Armor: Scale mail        |    29 |    60 |    73 |       |       |       ||   162
       Chain mail        |       |       |    55 |    40 |       |       ||    95
       Plate armour      |       |       |       |   633 |   596 |    15 ||  1244
Dodge: Dodged            |    18 |    33 |    65 |   291 |   440 |    22 ||   869
Block: Shield            |    34 |    64 |   155 |   727 |   490 |       ||  1470
       Large shield      |       |       |       |       |  1173 |    32 ||  1205
